 Dungeon Crawl Stone Soup version 5.6-27-g44b401c (webtiles) character file.

41 Lianjan the Chopper (level 4, 0/34 HPs)
             Began as a Mountain Dwarf Torpor Knight on July 17, 2018.
             Was a Priest of Cheibriados.
             Slain by a howler monkey (1 damage)
             ... on level 3 of the Dungeon.
             The game lasted 00:02:04 (1960 turns).

Lianjan the Chopper (Mountain Dwarf Torpor Knight)  Turns: 1960, Time: 00:02:05

Health: 0/34       AC: 13 (39%)Str: 20  XL:     4   Next: 50%
Magic:  7/7        EV:  9    Int: 19    God:    Cheibriados [3*[79]]
Gold:   84         SH:  0    Dex: 16    Spells: 8/8 levels left

rFire    . . .     SeeInvis .   a - +0 hand axe
rCold    . . .     Faith    .   (no shield)
rNeg     . . .     Spirit   .   b - +0 plate armour {ponderous}
rPois    .         Reflect  .   j - +0 helmet
rElec    .                      (no cloak)
rCorr    .                      (no gloves)
MR       .....                  f - +0 pair of boots
Stlth    ..........             (no amulet)
Regen    0.2/turn               (no ring)
MPRegen  0.2/turn               (no ring)

@: lethally poisoned (0 -> -10), slowed, very slow
A: sturdy frame
a: Bend Time, Temporal Distortion, Renounce Religion


You were on level 3 of the Dungeon.
You worshipped Cheibriados.
Cheibriados was most pleased with you.
You were not hungry.

You visited 1 branch of the dungeon, and saw 3 of its levels.

You collected 84 gold pieces.

Inventory:

Hand Weapons
 a - a +0 hand axe (weapon)
Missiles
 e - 91 poisoned darts (quivered)
Armour
 b - a +0 plate armour of ponderousness (worn)
 f - a +0 pair of boots (worn)
 j - a +0 helmet (worn)
Scrolls
 g - 2 scrolls of teleportation
Potions
 d - a potion of flight
 h - a potion of mutation
 i - a potion of resistance


   Skills:
 + Level 2.8 Fighting
 * Level 5.1 Axes
 + Level 2.8 Armour
 - Level 0.7 Dodging
 + Level 2.8 Invocations


You had 8 spell levels left.
You didn't know any spells.
Your spell library was empty.

Dungeon Overview and Level Annotations

Branches:
Dungeon (3/15)

Altars:
Cheibriados
Sif Muna


Innate Abilities, Weirdness & Mutations

Your movements are less encumbered by armour. (ER -6)


Message History

The howler monkey hits you but does no damage.
The flow of time bends around you.
Cheibriados rebukes the adder.
The adder seems to slow down.
The howler monkey resists with some effort.
Cheibriados rebukes the scorpion.
The scorpion seems to slow down.
Cheibriados rebukes the shadow imp.
The shadow imp seems to slow down.
You feel sick. The adder bites you (1).
* * * LOW HITPOINT WARNING * * *
The scorpion stings you (1).
* * * LOW HITPOINT WARNING * * *
You are more poisoned.
The scorpion poisons you!
The shadow imp hits you but does no damage.
The howler monkey barely misses you.
You feel yourself slow down.
You feel invigorated.
You feel very sick. The adder bites you but does no damage.
The howler monkey hits you (1).
You die...

#
##########.#
#........#.#
#.....5.#
#.#.#@s.#
#.#Sh......
#....K.....
###..o.....
......>..
#####....
.... ...


You could see a scorpion, a howler monkey, an adder, a shadow imp, an orc and a
kobold.

Vanquished Creatures
  4 adders (D:2)
  2 dart slugs
  3 quokkas
  A ball python (D:2)
  A giant cockroach (D:2)
  3 goblins
  6 hobgoblins
  4 jackals (D:1)
  9 kobolds
  6 bats
  A frilled lizard (D:2)
  4 rats (D:2)
44 creatures vanquished.

Notes
Turn   | Place    | Note
-------+----------+-------------------------------------------
     0 | D:1      | Lianjan the Mountain Dwarf Torpor Knight began the quest for the Orb.
     0 | D:1      | Reached XP level 1. HP: 17/17 MP: 2/2
   242 | D:1      | Reached skill level 4 in Axes
   242 | D:1      | Reached XP level 2. HP: 23/23 MP: 4/4
   461 | D:1      | Reached ** piety under Cheibriados
   479 | D:1      | Reached XP level 3. HP: 28/28 MP: 5/5
  1158 | D:2      | Found a snail-covered altar of Cheibriados.
  1218 | D:2      | Reached XP level 4. HP: 30/34 MP: 7/7
  1552 | D:2      | Found a deep blue altar of Sif Muna.
  1596 | D:2      | Reached skill level 5 in Axes
  1630 | D:2      | Reached *** piety under Cheibriados
  1959 | D:3      | HP: 1/34 [scorpion (1)]
  1960 | D:3      | Slain by a howler monkey

Skill      XL: |  1  2  3  4 |
---------------+-------------+-----
Axes           | 4 5 |  5.1
Fighting       | |  2.8
Armour         | |  2.8
Dodging        | |  0.7
Invocations    | |  2.8

Action                   |  1- 3 |  4- 6 || total
-------------------------+-------+-------++-------
Melee: Hand axe          |   131 |    62 ||   193
Invok: Bend Time         |       |     1 ||     1
  Use: Potion            |       |     1 ||     1
Armor: Plate armour      |   102 |    46 ||   148
Dodge: Dodged            |    71 |    49 ||   120
